 Dungeon Crawl Stone Soup version 0.17.0-28-g6e173f8 (console) character file.

9539 Kloppie the Impaler (level 11, -11/89 HPs)
             Began as a Merfolk Gladiator on Dec 1, 2015.
             Was an Initiate of Okawaru.
             Mangled by Urug
             ... wielding a +0 great mace
              (20 damage)
             ... on level 10 of the Dungeon.
             The game lasted 00:24:31 (12161 turns).

Kloppie the Impaler (Merfolk Gladiator)            Turns: 12161, Time: 00:24:31

Health: -11/89     AC: 13    Str: 15    XL:     11   Next: 48%
Magic:  0/11       EV: 13    Int:  9    God:    Okawaru [......]
Gold:   649        SH:  0    Dex: 17    Spells: 0 memorised, 10 levels left

rFire  + . .     SeeInvis .     b - +2 halberd
rCold  . . .     Clarity  .     A - +0 ring mail
rNeg   . . .     SustAt   .     (shield currently unavailable)
rPois  .         Gourm    .     c - +1 helmet
rElec  .         Spirit   +     m - +0 cloak
rCorr  .         Warding  .     (no gloves)
rMut   .         Stasis   .     (no boots)
MR     .....                    t - amulet of guardian spirit
Stlth  +.........               q - ring of protection from fire
                                l - +3 ring of protection

@: very slightly contaminated, drained, invisible, not resistant to hostile
enchantments, very unstealthy
A: change form in water, swift swim
a: Renounce Religion


You were on level 10 of the Dungeon.
You worshipped Okawaru.
Okawaru was noncommittal.
You were hungry.

You visited 3 branches of the dungeon, and saw 12 of its levels.

You collected 720 gold pieces.
You spent 71 gold pieces at shops.

Inventory:

Hand Weapons
 a - a +2 trident
 b - a +2 halberd (weapon)
Missiles
 d - 4 throwing nets (quivered)
Armour
 c - a +1 helmet (worn)
 m - a +0 cloak (worn)
 A - a +0 ring mail (worn)
 W - the +1 robe of Bedevilment {-Tele *Confuse Str+10, unknown}
   (You found it on level 9 of the Dungeon)

   It affects your strength (+10).
   It prevents most forms of teleportation.
   It may confuse you when you take damage.
Jewellery
 g - a +4 ring of intelligence
 j - a +3 ring of dexterity
 l - a +3 ring of protection (left hand)
 q - a ring of protection from fire (right hand)
 t - an amulet of guardian spirit (around neck)
 L - an uncursed ring of invisibility
Wands
 r - a wand of digging (22)
 y - a wand of disintegration (6)
 C - a wand of slowing (19)
 R - a wand of disintegration (13)
Scrolls
 h - a scroll of enchant weapon
 i - 10 scrolls of remove curse
 n - 2 scrolls of magic mapping
 p - a scroll of vulnerability {unknown}
 s - a scroll of fog
 w - 4 scrolls of teleportation
 x - a scroll of identify
 N - a scroll of recharging
Potions
 f - 4 potions of curing
 u - 2 potions of cure mutation
 v - a potion of haste
 z - a potion of heal wounds
 B - a potion of invisibility
 D - a potion of cancellation
 E - a potion of ambrosia
 G - a potion of flight
 H - a potion of lignification {unknown}
 J - a potion of degeneration {unknown}
 O - a potion of poison {unknown}
Comestibles
 e - 10 bread rations
 k - 3 royal jellies


   Skills:
 - Level 9.2(8.1) Fighting
 - Level 16.0(14.6) Polearms
 - Level 2.0(1.0) Throwing
 + Level 7.7(6.6) Armour
 + Level 5.7(4.6) Dodging


You had 10 spell levels left.
You didn't know any spells.

Dungeon Overview and Level Annotations

Branches:
Dungeon (10/15)            Temple (1/1) D:4            Lair (1/8) D:8
    Orc: D:9-12

Altars:
Ashenzari
Cheibriados
Dithmenos
Elyvilon
Fedhas
Gozag
Kikubaaqudgha
Makhleb
Nemelex Xobeh
Okawaru
Qazlal
Ru
Sif Muna
Trog
Vehumet
Xom
Yredelemnul
Zin
The Shining One

Shops:
D:5 =   D:8 ?

Annotations:
D:5 Kloppie's ghost, novice MfGl
D:10 Urug
Lair:1 Nergalle


Message History

You barely miss Urug.
Urug is severely wounded.
Urug hits you with a great mace!!
* * * LOW HITPOINT WARNING * * *
You closely miss Urug.
Urug is severely wounded.
You barely miss Urug.
Urug is severely wounded.
Urug barely misses you.
You closely miss Urug.
Urug is severely wounded.
Drink which item? (? for menu, Esc to quit)
You fade into invisibility!
Urug hits you with a great mace!!
* * * LOW HITPOINT WARNING * * *
You are very lightly contaminated with residual magic.
You slash Urug!
Urug is almost dead.
Urug hits you with a great mace!!
You die...

..........# #.#######.#
..≈.......# #)#.......#
..≈.....))####.#.#######
..........))((>#.#.#
...≈≈.....)o)....#.#
...≈......##..((...#
..........######.#.#
.....###### #o#.#####
.....###########@#.....#
<##...†........#)#.###.#
###.########.###.#.# #.#
.............# #.#.# #.#
###.#...###..# #.### #.#
....... #..# #.# #.#
###.#...###..###.# #.#
###.##...........# #.#
.##.##..##.#.##### #.#


You could see Urug.

Vanquished Creatures
  Gastronok (D:8)
  Pikel (D:9)
  A hill giant (D:7)
  Joseph (D:7)
  A troll (D:9)
  Grinder (D:3)
  Prince Ribbit (D:7)
  Sigmund (D:4)
  A spriggan (D:7)
  A yak (D:8)
  An orc warrior (D:10)
  A water moccasin (Lair:1)
  3 phantoms
  2 necrophages
  4 sky beasts
  2 ice beasts
  7 ogres
  2 black bears
  8 centaurs
  9 big kobolds
  4 giant frogs
  A gnoll sergeant (D:8)
  4 scorpions
  8 killer bees
  4 wights (D:9)
  3 crimson imps
  2 centaur zombies
  A giant frog zombie (D:7)
  6 hounds
  Crazy Yiuf (D:3)
  7 orc priests
  Ijyb (D:2)
  A centaur skeleton (D:10)
  An iguana (Lair:1)
  2 jellies (D:5)
  8 orc wizards
  Terence (D:3)
  4 worker ants
  A hound skeleton (D:8)
  A worker ant zombie (D:6)
  8 gnolls
  2 shadow imps
  9 adders
  An ooze (D:2)
  4 adder skeletons
  6 worms
  5 giant geckos
  30 orcs
  4 giant cockroaches
  9 goblins
  5 hobgoblins
  2 jackals (D:4)
  3 quokkas
  7 bats
  5 giant newts
  63 kobolds
  A quokka zombie (D:5)
  6 rats
  A spectral orc (D:4)
  2 butterflies (D:9)
283 creatures vanquished.

Vanquished Creatures (others)
  A jelly (D:9)
  An adder (D:9)
2 creatures vanquished.

Grand Total: 285 creatures vanquished

Notes
Turn   | Place    | Note
--------------------------------------------------------------
     0 | D:1      | Kloppie the Merfolk Gladiator began the quest for the Orb.
     0 | D:1      | Reached XP level 1. HP: 16/16 MP: 1/1
   267 | D:1      | Reached XP level 2. HP: 22/22 MP: 2/2
   442 | D:1      | Reached skill level 1 in Armour
   447 | D:1      | Reached skill level 5 in Polearms
   531 | D:2      | Reached XP level 3. HP: 24/27 MP: 3/3
   631 | D:2      | Found an ancient bone altar of Kikubaaqudgha.
   739 | D:2      | Noticed Ijyb
   763 | D:2      | Killed Ijyb
   763 | D:2      | Reached XP level 4. HP: 25/33 MP: 4/4
   898 | D:2      | Reached skill level 6 in Polearms
  1682 | D:3      | Noticed Grinder
  1698 | D:4      | Noticed an ogre
  1733 | D:4      | Found a basalt altar of Yredelemnul.
  1762 | D:4      | Killed an ogre
  1762 | D:4      | Reached skill level 7 in Polearms
  1762 | D:4      | Reached XP level 5. HP: 17/38 MP: 5/5
  2066 | D:4      | Noticed an ogre
  2077 | D:4      | Killed an ogre
  2077 | D:4      | Reached XP level 6. HP: 35/44 MP: 4/6
  2239 | D:4      | Found a staircase to the Ecumenical Temple.
  2248 | Temple   | Entered the Ecumenical Temple
  2384 | D:4      | Noticed an ogre
  2392 | D:4      | Noticed a phantom
  2393 | D:4      | Killed an ogre
  2393 | D:4      | Reached skill level 8 in Polearms
  2549 | D:4      | Killed a phantom
  2549 | D:4      | Reached skill level 5 in Dodging
  2549 | D:4      | Reached XP level 7. HP: 34/52 MP: 2/7
  3339 | D:4      | Noticed Sigmund
  3380 | D:4      | Killed Sigmund
  3380 | D:4      | Reached skill level 9 in Polearms
  3444 | D:4      | Noticed an ogre
  3565 | D:4      | Killed an ogre
  3565 | D:4      | Reached XP level 8. HP: 53/61 MP: 6/8
  3645 | D:4      | Noticed a big kobold
  3660 | D:4      | Killed a big kobold
  3660 | D:4      | Reached skill level 5 in Fighting
  3764 | D:4      | Noticed a big kobold
  3764 | D:4      | Noticed a big kobold
  3764 | D:4      | Noticed a big kobold
  3765 | D:4      | Noticed a big kobold
  3802 | D:4      | Killed a big kobold
  3840 | D:4      | Killed a big kobold
  3840 | D:4      | Reached skill level 10 in Polearms
  3848 | D:4      | Killed a big kobold
  3862 | D:4      | Killed a big kobold
  4296 | D:5      | Entered Level 5 of the Dungeon
  4483 | D:5      | Found a deep blue altar of Sif Muna.
  4566 | D:5      | Noticed Kloppie's ghost (novice MfGl)
  4838 | D:5      | Found Roukung's Jewellery Boutique.
  4847 | D:5      | Bought a cursed ring of loudness for 49 gold pieces
  4847 | D:5      | Bought a cursed -3 ring of dexterity for 22 gold pieces
  4922 | D:6      | Found a stormy altar of Qazlal.
  5148 | D:6      | Found a shimmering altar of Xom.
  5212 | D:6      | Reached XP level 9. HP: 47/69 MP: 9/9
  5347 | D:6      | Found an opulent altar of Gozag.
  5432 | D:6      | Reached skill level 5 in Armour
  5633 | D:7      | Noticed Joseph
  5878 | D:7      | Noticed Prince Ribbit
  5891 | D:7      | Killed Prince Ribbit
  5891 | D:7      | Reached skill level 11 in Polearms
  6385 | D:7      | Found a radiant altar of Vehumet.
  6451 | D:7      | Killed Joseph
  6451 | D:7      | Reached skill level 12 in Polearms
  6834 | D:7      | Reached XP level 10. HP: 74/82 MP: 8/10
  6863 | D:7      | Found a shadowy altar of Dithmenos.
  6884 | D:7      | Noticed a hill giant
  6910 | D:7      | Killed a hill giant
  6910 | D:7      | Reached skill level 13 in Polearms
  8149 | D:3      | Noticed Terence
  8156 | D:3      | Killed Terence
  8222 | D:3      | Noticed Crazy Yiuf
  8230 | D:3      | Killed Crazy Yiuf
  8311 | D:3      | Killed Grinder
  8808 | D:8      | Noticed Gastronok
  8847 | D:8      | Killed Gastronok
  8847 | D:8      | Reached skill level 14 in Polearms
  9393 | D:8      | Found a shattered altar of Ashenzari.
  9446 | D:8      | Reached XP level 11. HP: 87/89 MP: 11/11
  9574 | D:8      | Found Ecedudd's Magic Scroll Shop.
  9720 | D:8      | Reached skill level 15 in Polearms
  9853 | D:8      | Found a glowing golden altar of the Shining One.
  9855 | D:8      | Found a staircase to the Lair.
 10341 | D:9      | Noticed Pikel
 10358 | D:9      | Killed Pikel
 10429 | D:9      | Found a radiant altar of Vehumet.
 10475 | D:9      | Found a shimmering altar of Xom.
 10591 | D:9      | Found a blossoming altar of Fedhas.
 10647 | D:9      | Found a sacrificial altar of Ru.
 10655 | D:9      | Found a bloodstained altar of Trog.
 10734 | D:9      | Found an iron altar of Okawaru.
 10743 | D:9      | Got a shadowed robe
 10745 | D:9      | Became a worshipper of Warmaster Okawaru
 11002 | Lair:1   | Entered Level 1 of the Lair of Beasts
 11062 | Lair:1   | Noticed Nergalle
 11081 | Lair:1   | Noticed a spectral orc warlord
 11340 | D:10     | Entered Level 10 of the Dungeon
 11465 | D:10     | Found a glowing golden altar of the Shining One.
 11823 | D:10     | Reached skill level 16 in Polearms
 12129 | D:10     | Noticed Urug
 12161 | D:10     | Mangled by Urug

Action                   |  1- 3 |  4- 6 |  7- 9 | 10-12 || total
-------------------------+-------+-------+-------+-------++-------
Melee: Trident           |   116 |   143 |   355 |       ||   614
       Halberd           |       |       |   194 |   546 ||   740
Evoke: Wand              |       |       |       |     1 ||     1
  Use: Potion            |       |       |     4 |     2 ||     6
       Scroll            |       |       |    20 |     5 ||    25
 Stab: Sleeping          |       |     1 |       |     1 ||     2
       Invisible         |       |       |     1 |     2 ||     3
  Eat: Chunk             |       |     4 |     1 |    15 ||    20
       Meat ration       |       |       |     3 |       ||     3
       Beef jerky        |       |       |       |     1 ||     1
